 Dungeon Crawl Stone Soup version 0.27-a0-475-g4587593e40 (webtiles) character file.

Game seed: 3423484299792031022

28 Chiseanne the Magician (level 3, 19/27 HPs)
             Began as a Demonspawn Wanderer on Mar 1, 2021.
             Quit the game on level 1 of the Dungeon.
             The game lasted 00:01:37 (1400 turns).

Chiseanne the Magician (Demonspawn Wanderer)        Turns: 1400, Time: 00:01:38

Health: 19/27      AC:  6    Str: 11    XL:     3   Next: 0%
Magic:  8/8        EV: 10    Int: 16    God:
Gold:   22         SH:  0    Dex: 11    Spells: 9/10 levels left

rFire    . . .     SeeInvis .   a - +0 club
rCold    . . .     Faith    .   (no shield)
rNeg     . . .     Spirit   .   j - +0 scale mail
rPois    .         Reflect  .   (no helmet)
rElec    .         Harm     .   (no cloak)
rCorr    .         Rampage  .   (no gloves)
Will     .....                  (no boots)
Stlth    +.........             (no amulet)
HPRegen  0.09/turn              (no ring)
MPRegen  0.11/turn              (no ring)

@: no status effects
A: claws 1, sturdy frame 1
a: no special abilities


You were on level 1 of the Dungeon.
You visited 1 branch of the dungeon, and saw 1 of its levels.

You collected 22 gold pieces.

Inventory:

Hand Weapons
 a - a +0 club (weapon)
Missiles
 b - 19 sling bullets
 e - 2 throwing nets
 h - 5 stones
Armour
 d - a +0 robe
 j - a +0 scale mail (worn)
Jewellery
 l - a +6 ring of intelligence
Scrolls
 f - a scroll of teleportation {unknown}
Potions
 c - a potion of magic {unknown}
 g - a potion of heal wounds {unknown}
 i - 2 potions of curing {unknown}
 k - 2 potions of might {unknown}


   Skills:
 * Level 1.7 Fighting
 - Level 1.0 Throwing
 * Level 0.1 Armour
 * Level 1.5 Dodging
 - Level 1.0 Stealth
 - Level 4.0 Spellcasting
 - Level 1.0 Conjurations
 - Level 2.6 Fire Magic


You had 9 spell levels left.
You knew the following spells:

 Your Spells              Type           Power        Failure   Level
a - Foxfire               Conj/Fire      36%          26%         1

Your spell library contained the following spells:

 Spells                   Type           Power        Failure   Level
 Conjure Flame            Conj/Fire      9%           58%         3
 Inner Flame              Hex/Fire       7%           67%         3
 Sticky Flame             Conj/Fire      9%           94%         4
 Fireball                 Conj/Fire      4%           100%        5


Dungeon Overview and Level Annotations

Branches:
Dungeon (1/15)

Altars:


Innate Abilities, Weirdness & Mutations

You have sharp fingernails.
Your movements are slightly less encumbered by armour. (ER -2)


Message History

The goblin is severely wounded.
The kobold barely misses you. The goblin hits you but does no damage.
You hit the goblin.
You kill the goblin!
The kobold hits you. The kobold hits you but does no damage.
You hit the kobold.
You kill the kobold!
Your scale mail prevents you from hitting the hobgoblin.
The hobgoblin hits you but does no damage.
Your scale mail prevents you from hitting the hobgoblin.
The hobgoblin hits you but does no damage.
You hit the hobgoblin but do no damage.
The hobgoblin hits you but does no damage.
The hobgoblin closely misses you.
You hit the hobgoblin.
The hobgoblin is moderately wounded.
The hobgoblin barely misses you.
You closely miss the hobgoblin.
The hobgoblin is moderately wounded.
The hobgoblin completely misses you.
You hit the hobgoblin.
The hobgoblin is severely wounded.
The hobgoblin barely misses you.
You closely miss the hobgoblin.
The hobgoblin is severely wounded.
The hobgoblin barely misses you.
You hit the hobgoblin.
The hobgoblin is almost dead.
The hobgoblin hits you with a +0 club. x2
You barely miss the hobgoblin.
The hobgoblin is severely wounded.
The hobgoblin closely misses you.
You hit the hobgoblin.
You kill the hobgoblin!
You have reached level 3!
Your experience leads to an increase in your attributes!
Increase (s)trength, (i)ntelligence, or (d)exterity?
You feel clever.
Your demonic ancestry asserts itself...
Your fingernails lengthen.
Are you sure you want to abandon this character and quit the game? (Confirm with "yes".)

.# ## ..# #.##..#
#. #.##..# #.
#.###.##..#####.
#.........#...#.
#..###l#.##.#.##
#..# #g#.##.#.#
Kl..# #.#.##.#.##
#####.###.#.##.#...
#)@.......#.#######
#)###.###..........
... #.###.#.#######
.....
#..##.#........
#>....
##.##.#..###.##
#.....
#..#.#......##
#.....
##.#.#.####...
#.....
#..........##
##.##.####.##


There were no monsters in sight!

Vanquished Creatures
  2 dart slugs (D:1)
  A bat (D:1)
  A giant cockroach (D:1)
  4 goblins (D:1)
  6 hobgoblins (D:1)
  2 kobolds (D:1)
  5 frilled lizards (D:1)
  A rat (D:1)
22 creatures vanquished.

Notes
Turn   | Place    | Note
-------+----------+-------------------------------------------
     0 | D:1      | Chiseanne the Demonspawn Wanderer began the quest for the
                  | Orb.
     0 | D:1      | Chiseanne set off with the following items: a +0 club, a
                  | potion of lignification, a +0 robe; and the following spell
                  | memorised: Foxfire; and the following spells available to
                  | memorise: Conjure Flame, Inner Flame, Sticky Flame,
                  | Fireball
     0 | D:1      | Reached XP level 1. HP: 13/13 MP: 5/5
   345 | D:1      | Reached skill level 1 in Fighting
   481 | D:1      | Reached skill level 1 in Dodging
   481 | D:1      | Gained mutation: Your movements are slightly less
                  | encumbered by armour. (ER -2) [demonic ancestry]
   481 | D:1      | Reached XP level 2. HP: 16/21 MP: 7/7
  1400 | D:1      | Gained mutation: You have sharp fingernails. [demonic
                  | ancestry]
  1400 | D:1      | Reached XP level 3. HP: 19/27 MP: 8/8
  1400 | D:1      | Quit the game

Illustrated notes

Levels and vault maps discovered:
D:1:      dpeg_arrival_simpleton_b, layout_basic, minmay_bisected

Skill      XL: |  1 |
---------------+----+-----
Fighting       | 1 |  1.7
Dodging        | 1 |  1.5
Throwing       | |  1.0
Armour         | |  0.1
Stealth        | |  1.0
Spellcasting   | |  4.0
Conjurations   | |  1.0
Fire Magic     | |  2.6

Action                   || total
-------------------------++-------
Melee: Club              ||    85
  Use: Potion            ||     1
Armor: Robe              ||    10
       Scale mail        ||    10
       Skin              ||     5
Dodge: Dodged            ||    51

Table legend: (Time is in decaauts)
 A = Elapsed time spent in this place.
 B = Non-inter-level travel time spent in this place.
 C = Inter-level travel time spent in this place.
 D = Time resting spent in this place.
 E = Time spent auto-exploring this place.
 F = Levels seen in this place.
 G = Mean time per level.
                   A        B        C        D        E       F      G
               +--------+--------+--------+--------+--------+-----+--------+
         Total |   1425 |   1425 |      0 |    789 |    388 |   1 | 1425.0 |
       Dungeon |   1425 |   1425 |      0 |    789 |    388 |   1 | 1425.0 |
               +--------+--------+--------+--------+--------+-----+--------+

Top non-repeatable levels by time:
     D:1: 1425 daAuts
